 Dungeon Crawl Stone Soup version 0.16-a0-2979-g562a0a4 (webtiles) character file.

311 monstruo the Firebug (level 6, -16/36 HPs)
             Began as a High Elf Fire Elementalist on Dec 5, 2014.
             Killed by miscasting Fireball (38 damage)
             ... on level 4 of the Dungeon.
             The game lasted 00:20:56 (5160 turns).

monstruo the Firebug (High Elf Fire Elementalist)   Turns: 5160, Time: 00:20:56

Health: -16/36     AC:  3    Str:  8    XL:     6   Next: 18%
Magic:  10/19      EV: 13    Int: 20    God:
Gold:   139        SH:  0    Dex: 16    Spells: 4 memorised, 1 level left

rFire  . . .     SeeInvis .     f - -1 short sword (curse)
rCold  . . .     Clarity  .     a - +1 robe
rNeg   . . .     SustAb   .     (no shield)
rPois  .         Gourm    .     (no helmet)
rElec  .         Spirit   .     (no cloak)
rCorr  .         Warding  .     (no gloves)
rMut   .         Stasis   .     (no boots)
MR     .....                    s - amulet of rage
Stlth  ++........               (no ring)
                                (no ring)

@: very slightly contaminated, not resistant to hostile enchantments, unstealthy
A: no striking features
a: Evoke Berserk Rage


You were on level 4 of the Dungeon.
You were not hungry.

You visited 1 branch of the dungeon, and saw 4 of its levels.

You collected 139 gold pieces.

Inventory:

Hand weapons
 f - a cursed -1 short sword (weapon)
 o - a +1 dagger of electrocution
Armour
 a - a +1 robe (worn)
Jewellery
 s - an amulet of rage (around neck)
Scrolls
 j - 5 scrolls of identify
 t - a scroll of enchant armour
Potions
 d - 2 potions of heal wounds {unknown}
 e - a potion of agility {unknown}
 g - a potion of poison {unknown}
 h - a potion of brilliance {unknown}
 k - a potion of mutation {unknown}
 p - a potion of lignification {unknown}
 r - a potion of magic {unknown}
 u - 2 potions of might {unknown}
Books
 b - a book of Flames

   Spells                             Type                      Level
   a - Flame Tongue                   Conjuration/Fire             1
   b - Throw Flame                    Conjuration/Fire             2
   c - Conjure Flame                  Conjuration/Fire             3
   d - Inner Flame                    Hexes/Fire                   3
   e - Sticky Flame                   Conjuration/Fire             4
   f - Fireball                       Conjuration/Fire             5
Comestibles
 c - 4 bread rations
 i - a meat ration
 l - a royal jelly
 m - a beef jerky
 n - 2 chunks of flesh
 q - a slice of pizza


   Skills:
 - Level 2.1 Dodging
 - Level 2.1 Stealth
 + Level 4.8 Spellcasting
 + Level 3.6 Conjurations
 + Level 4.8 Fire Magic


You had one spell level left.
You knew the following spells:

 Your Spells              Type           Power        Failure   Level  Hunger
a - Flame Tongue          Conj/Fire      ###..        2%          1    None
b - Conjure Flame         Conj/Fire      ###.....     10%         3    ##.....
c - Sticky Flame          Conj/Fire      ###.....     24%         4    ####...
d - Fireball              Conj/Fire      ###.......   71%         5    ######.


Dungeon Overview and Level Annotations

Branches:
Dungeon (4/15)
 Temple: D:4-7

Altars:
Dithmenos
Makhleb


Message History

Aim: a gnoll, wielding a spear The flame tongue hits the gnoll.
The gnoll is severely wounded.
The gnoll barely misses you.
Casting: Flame Tongue
Confirm with . or Enter, or press ? or * to list all spells.
Aiming: Conjure Flame
Press: ? - help, Dir - move target cursor, p - gnoll The fire roars!
The phantom blinks!
The gnoll moves out of view.
The gnoll hits you from afar with a spear!
Casting: Conjure Flame
Confirm with . or Enter, or press ? or * to list all spells.
Aiming: Fireball
Press: ? - help, Shift-Dir - straight line, f - gnoll
Aim: a gnoll, wielding a whip You miscast Fireball.
You are very lightly contaminated with residual magic.
You are caught in a fiery explosion!
The explosion engulfs you!
Ouch! That really hurt!
You die...

#.# #.# #.####.
##..#..# # ......#
##. .....# .#..g##
#...#
#....gg§####...#
#..@....# ###.....#
##...## ##...#
#########....##
##..........>..##
#####....####.......#
###.......###
#######....
....###.....###.
##..#


You could see 3 gnolls.

Vanquished Creatures
  A hound (D:4)
  An orc priest (D:3)
  An orc wizard (D:3)
  A worker ant (D:4)
  6 adders
  3 gnolls
  5 worms
  2 giant geckos
  6 orcs (D:3)
  8 bats
  7 giant cockroaches
  8 goblins
  6 hobgoblins
  8 jackals (D:3)
  An ooze (D:2)
  A quokka (D:2)
  A ball python (D:1)
  3 giant newts (D:2)
  9 kobolds
  5 rats
83 creatures vanquished.

Notes
Turn   | Place    | Note
--------------------------------------------------------------
     0 | D:1      | monstruo, the High Elf Fire Elementalist, began the quest for the Orb.
     0 | D:1      | Reached XP level 1. HP: 11/11 MP: 4/4
   515 | D:1      | Reached XP level 2. HP: 17/17 MP: 1/6
   981 | D:2      | Reached XP level 3. HP: 18/21 MP: 0/9
  1542 | D:2      | Learned a level 3 spell: Conjure Flame
  1919 | D:2      | Reached skill level 4 in Fire Magic
  2130 | D:2      | Reached XP level 4. HP: 27/27 MP: 7/12
  2210 | D:2      | Found a shadowy altar of Dithmenos.
  2210 | D:2      | Found a burning altar of Makhleb.
  2420 | D:3      | Learned a level 4 spell: Sticky Flame
  3267 | D:3      | Reached XP level 5. HP: 31/31 MP: 5/16
  4903 | D:4      | Reached XP level 6. HP: 22/36 MP: 15/19
  5040 | D:4      | Learned a level 5 spell: Fireball
  5156 | D:4      | Noticed a phantom
  5160 | D:4      | Killed by miscasting Fireball

Action                   |  1- 3 |  4- 6 || total
-------------------------+-------+-------++-------
Melee: Short sword       |     5 |    54 ||    59
 Cast: Flame Tongue      |    84 |    89 ||   173
       Conjure Flame     |     1 |     7 ||     8
       Sticky Flame      |       |     1 ||     1
  Use: Scroll            |       |     6 ||     6
       Potion            |       |     2 ||     2
  Eat: Meat ration       |     1 |       ||     1
       Chunk             |       |     9 ||     9
